 Dungeon Crawl Stone Soup version 0.31.0-9-g3a7656b989 (webtiles) character file.

Game seed: 3190605705141549520

19 HannaPanda the Ruffian (level 2, 0/4 HPs)
             Began as a Troll Berserker on Jan 26, 2024.
             Was a Follower of Trog.
             Slain by a rat (3 damage)
             ... on level 1 of the Dungeon.
             The game lasted 00:06:18 (639 turns).

HannaPanda the Ruffian (Troll Berserker)             Turns: 639, Time: 00:06:18

Health: 0/4        AC:  1    Str: 34    XL:     2   Next: 55%
Magic:  1/1        EV:  8    Int:  3    God:    Trog [*.....]
Gold:   33         SH:  0    Dex:  9    Spells: 1/1 levels left

rFire   + +          .
                       - Unarmed
rCold   x . .        (shield currently unavailable)
rNeg    . . .        a - melded +0 animal skin
rPois   +            (helmet currently unavailable)
rElec   .            (cloak currently unavailable)
rCorr   .            (gloves unavailable)
SInv    .            (boots unavailable)
Will    .....        (no amulet)
Stlth   +            (no ring)
HPRegen 1.00/turn    (no ring)
MPRegen 0.07/turn

%: no passive effects
@: dragon-form, flying
A: dragon claw, dragon scales, breathe fire, flying, reduced hp, giant,
unfitting armour, (claws 3), regeneration 1, (shaggy fur 1), (tough skin 1)
a: Breathe Fire, Begin Untransformation, Renounce Religion, Berserk


You were on level 1 of the Dungeon.
You worshipped Trog.
Trog was aware of your devotion.
You were a fearsome dragon!
You visited 1 branch of the dungeon, and saw 1 of its levels.

You collected 33 gold pieces.

Inventory:

Armour
 a - a +0 animal skin (melded)
Talismans
 e - a dragon-blood talisman (active)
Scrolls
 b - a scroll of butterflies {unknown}
Potions
 c - a potion of attraction {unknown}
 d - a potion of heal wounds
 f - 2 potions of mutation {unknown}


   Skills:
 + Level 2.6 Fighting
 * Level 2.8 Dodging
 + Level 3.3 Unarmed Combat


You had one spell level left.
You didn't know any spells.
Your spell library was empty.

Dungeon Overview and Level Annotations

Branches:
Dungeon (1/15)

Altars:


Innate Abilities, Weirdness & Mutations

You are a fearsome dragon!
You have a powerful clawing attack.
Your giant scaled body is strong and resilient, but less evasive.
You can breathe fire.
You are flying.
Your maximum health is decreased, since you lack skill for your form.
Your armour is entirely melded.
You are incapable of wielding weapons or throwing items.
You are too large for most types of armour.
((You have claws for hands.))
Your natural rate of healing is unusually fast.
((You are covered in fur. (AC +1)))
((You have tough skin. (AC +1)))


Message History

You see here a rat corpse.
You open the door.
Found a book of Vapours.
There is an open door here.
Found a dragon-blood talisman.
You see here a book of Vapours.
You see here a book of Vapours.
You see here a dragon-blood talisman.
e - a dragon-blood talisman You begin transforming.
You continue transforming. x3
You turn into a fearsome dragon!
Your +0 animal skin melds into your body.
You see here a book of Vapours.
f - 2 bubbling red potions
There is an open door here.
You see here a rat corpse.
Things that are here:
a +0 club; a goblin corpse
There is an open door here.
There is an open door here.
Things that are here:
a jackal skeleton; a jackal skeleton
There is an open door here.
A rat comes into view.
Found a ring mail.
A kobold comes into view. It is wielding a +0 club.
The rat squeaks loudly.
The kobold shouts!
You barely miss the rat. The rat bites you.
Ouch! That really hurt!
You are too injured to fight recklessly!
You are too injured to fight recklessly!
You are too injured to fight recklessly!
You are too injured to fight recklessly!
You bite the kobold!!
You kill the kobold!
Trog accepts your kill. The rat bites you. The rat bites you.
Ouch! That really hurt!
You die...

#......# #......#
###+##### #......#
#.......# #......#
#...[...# #......#
#.......# #......#
#.......######++....†..
#.....r)...............
#.....D................
#..................###.
###+####.........#...#.
#.# #.........###.#.
#.####.........# #...
#..............#####.
#........###.....####
#........# #.........
#........# #.........


You could see a rat.

Vanquished Creatures
  An endoplasm (D:1)
  A giant cockroach (D:1)
  A goblin (D:1)
  2 hobgoblins (D:1)
  3 jackals (D:1)
  2 kobolds (D:1)
  2 quokkas (D:1)
  A ball python (D:1)
  A bat (D:1)
  3 rats (D:1)
17 creatures vanquished.

Notes
Turn   | Place    | Note
-------+----------+-------------------------------------------
     0 | D:1      | HannaPanda the Troll Berserker began the quest for the Orb.
     0 | D:1      | Reached XP level 1. HP: 22/22 MP: 0/0
   315 | D:1      | Reached XP level 2. HP: 28/29 MP: 1/1
   639 | D:1      | Slain by a rat

Illustrated notes

Levels and vault maps discovered:
D:1:      minmay_arrival_four_loops, layout_basic, lemuel_flame_loot_1

Action                     || total
---------------------------++-------
  Melee: Unarmed           ||    38
         Punch             ||     1
    Use: Potion            ||     1
 Armour: Animal skin       ||    21
         Skin              ||     3
  Dodge: Dodged            ||    21
   Form: Dragon            ||     1
